 Dungeon Crawl Stone Soup version 0.31-a0-1570-g93c622d222 (webtiles) character file.

Game seed: 13307742350594754164

67 voltaire321 the Firebug (level 4, -1/32 HPs)
             Began as a Demonspawn Fire Elementalist on Jan 4, 2024.
             Killed from afar by Sigmund (13 damage)
             ... with a puff of flame
             ... on level 2 of the Dungeon.
             The game lasted 00:02:59 (1049 turns).

voltaire321 the Firebug (DsFE)                      Turns: 1049, Time: 00:02:59

Health: -1/32      AC:  3    Str: 11    XL:     4   Next: 0%
Magic:  16/16      EV: 13    Int: 15    God:
Gold:   5          SH:  0    Dex: 19    Spells: 4/7 levels left

rFire   . . .        d - +0 mace (drain)
rCold   . . .        (no shield)
rNeg    . . .        a - +0 robe
rPois   .            (no helmet)
rElec   .            (no cloak)
rCorr   .            (no gloves)
SInv    .            c - +0 pair of boots
Will    .....        (no amulet)
Stlth   ++           e - ring of magical power
HPRegen 0.25/turn    m - +6 ring of dexterity
MPRegen 0.15/turn

%: no passive effects
@: no status effects
A: spiny 1, demonic touch 1
a: no special abilities


You were on level 2 of the Dungeon.
You visited 1 branch of the dungeon, and saw 2 of its levels.

You collected 5 gold pieces.

Inventory:

Hand Weapons
 d - a +0 mace of draining (weapon)
Armour
 a - a +0 robe (worn)
 c - a +0 pair of boots (worn)
Jewellery
 e - a ring of magical power (left hand)
 m - a +6 ring of dexterity (right hand)
Scrolls
 f - 2 scrolls of teleportation {unknown}
 g - a scroll of noise {unknown}
 h - a scroll of fear {unknown}
 i - 2 scrolls of enchant armour {unknown}
 k - a scroll of brand weapon {unknown}
 l - a scroll of blinking {unknown}
Potions
 b - a potion of magic
 j - a potion of mutation {unknown}


   Skills:
 + Level 1.2 Fighting
 + Level 1.1 Armour
 + Level 2.2 Dodging
 - Level 1.7 Stealth
 + Level 2.4 Spellcasting
 + Level 1.6 Conjurations
 + Level 3.0 Fire Magic


You had 4 spell levels left.
You knew the following spells:

 Your Spells              Type           Power      Damage    Failure   Level
a - Foxfire               Conj/Fire      32%        2x1d5     9%          1
b - Scorch                Fire           22%        2d5       9%          2

Your spell library contained the following spells:

 Spells                   Type           Power      Damage    Failure   Level
 Inner Flame              Hex/Fire       6%         N/A       34%         3
 Volatile Blastmotes      Fire/Tloc      12%        2d11      34%         3
 Flame Wave               Conj/Fire      8%         2d5       63%         4


Dungeon Overview and Level Annotations

Branches:
Dungeon (2/15)

Altars:
Xom

Shops:
D:1 :   D:2 !

Annotations:
D:2 Sigmund


Innate Abilities, Weirdness & Mutations

You are partially covered in sharp spines.
Your touch may inflict minor irresistible damage on your foes.


Message History

You start memorising the spell.
You continue memorising. x2
You finish memorising.
Spell assigned to 'b'.
There is a stone staircase leading down here.
A rat comes into view.
An adder comes into view.
Found a hand axe.
The adder hisses angrily.
Sigmund the Dreaded comes into view.
He is wielding a +0 scythe.
Found 6 gold pieces.
Sigmund shouts!
The adder is struck by your spines. The adder bites you.
You are poisoned.
The adder poisons you! The adder is struck by your spines.
The adder closely misses you.
You barely miss the adder.
You touch the adder.
The adder is almost dead.
You feel very sick. The adder is struck by your spines.
You kill the adder!
You feel sick. Sigmund closely misses you.
You feel sick.
Sigmund gestures wildly while chanting.
Sigmund flickers and vanishes!
Deactivating autopickup; reactivate with Ctrl-A.
You sock the rat!
You kill the rat!
You feel sick.
You have reached level 4!
You feel stronger.
You feel sick. Something barely misses you.
You feel sick.
You are no longer poisoned.
Something hits you.
You hear some strange, mumbled words.
Something tries to affect you, but you resist.
Something hits you! Something barely misses you.
A puff of flame appears from out of thin air!
The puff of flame hits you!
You die...

#.#####.##.#.##.†.....#
#####...##.............#
#....†...#...#####.###.#
#......................#
#........#...#####.##..#
##.._(..........#{###..#
#.....#.#...#...####>.#
#.....#.##.###.###....#
#.#...#.##.# #@# #.##.#
#.#.#.#.##.# #.# #.##.#
# #.#.#.##.###.# #.#..#
# #.#.##..##.# #.#..#
.(.........# #.#..#
........#..# #.#..#
###........# #.#..#
#####.#.## #.#..# #.#.#
#.#..#


There were no monsters in sight!

Vanquished Creatures
  Jessica (D:2)
  2 adders (D:2)
  A dart slug (D:1)
  3 endoplasms
  A hobgoblin (D:1)
  A kobold (D:1)
  2 quokkas (D:1)
  3 ball pythons
  3 bats
  A frilled lizard (D:2)
  3 goblins (D:1)
  2 rats
23 creatures vanquished.

Vanquished Creatures (others)
  9 foxfires (D:1)
9 creatures vanquished.

Grand Total: 32 creatures vanquished

Notes
Turn   | Place    | Note
-------+----------+-------------------------------------------
     0 | D:1      | voltaire321 the Demonspawn Fire Elementalist began the
                  | quest for the Orb.
     0 | D:1      | Reached XP level 1. HP: 13/13 MP: 3/3
   179 | D:1      | Found Osicym's Book Boutique.
   306 | D:1      | Gained mutation: Your touch may inflict minor irresistible
                  | damage on your foes. [demonic ancestry]
   306 | D:1      | Reached XP level 2. HP: 19/20 MP: 5/5
   600 | D:1      | Found a faded altar of an unknown god.
   918 | D:2      | Found Ziyfaiss's Distillery.
   965 | D:2      | Found a shimmering altar of Xom.
   971 | D:2      | Gained mutation: You are partially covered in sharp spines.
                  | [demonic ancestry]
   971 | D:2      | Reached XP level 3. HP: 25/25 MP: 6/6
   992 | D:2      | Noticed Jessica
   997 | D:2      | Killed Jessica
   998 | D:2      | Reached skill level 1 in Fighting
   998 | D:2      | Reached skill level 1 in Armour
   998 | D:2      | Reached skill level 3 in Fire Magic
  1024 | D:2      | Learned a level 2 spell: Scorch
  1032 | D:2      | Noticed Sigmund
  1037 | D:2      | Reached XP level 4. HP: 25/32 MP: 7/7
  1049 | D:2      | Killed from afar by Sigmund

Illustrated notes

Levels and vault maps discovered:
D:1:      mainiacjoe_arrival_reflecting_pool, layout_basic, serial_shops, shop,
          basic_ecumenical_altar, reono_crystal_passage
D:2:      layout_loops_ring, serial_shops, nicolae_shop_window_shopping,
          basic_altar, uniq_sigmund, uniq_jessica

Skill      XL: |  1  2  3 |
---------------+----------+-----
Dodging        | 2 |  2.2
Fighting       | 1 |  1.2
Armour         | 1 |  1.1
Fire Magic     | 3 |  3.0
Stealth        | |  1.7
Spellcasting   | |  2.4
Conjurations   | |  1.6

Action                     |  1- 3 |  4- 6 || total
---------------------------+-------+-------++-------
  Melee: Mace              |    40 |       ||    40
         Touch             |     4 |       ||     4
   Cast: Foxfire           |     5 |       ||     5
   Stab: Sleeping          |     1 |       ||     1
 Armour: Robe              |    23 |     3 ||    26
  Dodge: Dodged            |    29 |     2 ||    31

Table legend: (Time is in decaauts)
 A = Elapsed time spent in this place.
 B = Non-inter-level travel time spent in this place.
 C = Inter-level travel time spent in this place.
 D = Time resting spent in this place.
 E = Time spent auto-exploring this place.
 F = Levels seen in this place.
 G = Mean time per level.
                   A        B        C        D        E       F      G
               +--------+--------+--------+--------+--------+-----+--------+
         Total |   1063 |   1012 |     51 |      0 |    754 |   2 |  531.5 |
       Dungeon |   1063 |   1012 |     51 |      0 |    754 |   2 |  531.5 |
               +--------+--------+--------+--------+--------+-----+--------+

Top non-repeatable levels by time:
     D:1: 841 daAuts
     D:2: 221 daAuts
